 Dungeon Crawl Stone Soup version 0.31-b1-20-g67cafac56d (webtiles) character file.

Game seed: 1242508333750828626

43 Legs the Cudgeller (level 3, -4/33 HPs)
             Began as a Minotaur Berserker on Jan 17, 2024.
             Was a Follower of Trog.
             Slain by Sigmund
             ... wielding a +0 scythe
              (5 damage)
             ... on level 2 of the Dungeon on Jan 18, 2024.
             The game lasted 00:06:28 (1798 turns).

Legs the Cudgeller (Minotaur Berserker)             Turns: 1798, Time: 00:06:30

Health: -4/33      AC:  9    Str: 23    XL:     3   Next: 37%
Magic:  2/2        EV:  9    Int:  4    God:    Trog [*.....]
Gold:   71         SH:  0    Dex:  9    Spells: 2/2 levels left

rFire   . . .        a - +0 mace
rCold   . . .        (no shield)
rNeg    . . .        m - +0 chain mail
rPois   .            (helmet restricted)
rElec   .            (no cloak)
rCorr   .            (no gloves)
SInv    .            (no boots)
Will    .....        (no amulet) Stlth
                     (no ring)
HPRegen 0.25/turn    (no ring)
MPRegen 0.08/turn

%: no passive effects
@: no status effects
A: horns 2, retaliatory headbutt
a: Renounce Religion, Berserk


You were on level 2 of the Dungeon.
You worshipped Trog.
Trog was aware of your devotion.
You visited 1 branch of the dungeon, and saw 2 of its levels.

You collected 71 gold pieces.

Inventory:

Hand Weapons
 a - a +0 mace (weapon)
Armour
 m - a +0 chain mail (worn)
Jewellery
 k - an amulet of the acrobat
 l - a ring of resist corrosion
Talismans
 i - a beast talisman
Scrolls
 f - a scroll of poison {unknown}
 h - 3 scrolls of teleportation {unknown}
Potions
 b - a potion of mutation {unknown}
 c - a potion of degeneration {unknown}
 e - a potion of lignification {unknown}
 g - a potion of enlightenment {unknown}
 j - a potion of curing {unknown}


   Skills:
 + Level 4.1 Fighting
 + Level 4.2 Maces & Flails
 + Level 3.2 Armour
 + Level 2.5 Dodging


You had 2 spell levels left.
You didn't know any spells.
Your spell library was empty.

Dungeon Overview and Level Annotations

Branches:
Dungeon (2/15)

Altars:
The Shining One

Annotations:
D:2 Sigmund


Innate Abilities, Weirdness & Mutations

You have a pair of horns on your head.
You reflexively headbutt those who attack you in melee.


Message History

A kobold comes into view. It is wielding a +0 whip.
The kobold hits you but does no damage.
You miss the kobold. Your headbutt misses the kobold.
The kobold hits you but does no damage.
You miss the kobold. The kobold hits you but does no damage.
The kobold closely misses you. You furiously retaliate!
You headbutt the kobold!
You kill the kobold!
Trog accepts your kill.
You see here a +0 whip.
Found a stone staircase leading down.
Sigmund the Dreaded comes into view.
He is wielding a +0 scythe.
Found a small copper ring.
Sigmund shouts!
Sigmund casts a spell at you. The puff of flame hits you.
Sigmund is nearby!
Sigmund whispers, "You'll know eternity soon."
Sigmund hits you from afar with a +0 scythe.
You see here a bubbling sapphire potion.
You closely miss Sigmund.
Sigmund gestures wildly while chanting.
Sigmund flickers and vanishes!
Deactivating autopickup; reactivate with Ctrl-A.
You completely miss something. Your headbutt misses something.
You hear some strange, mumbled words.
A magic dart appears from out of thin air!
The magic dart hits you but does no damage.
You sock something! Your headbutt misses something.
You hear some strange, mumbled words.
A puff of flame appears from out of thin air!
The puff of flame hits you. Something hits you!
You hit something. Your headbutt misses something. You barely miss something.
You headbutt something.
You hear some strange, mumbled words.
A puff of flame appears from out of thin air!
The puff of flame hits you!
* * * LOW HITPOINT WARNING * * *
Something hits you.
You die...

##.##.#.### #..#
#....^#.###+###..#
#...........#.).#
#..........#...##
#..........#...#
#..........#...##
#..........##...#
#...!......##...##
#...@......###...#
#...{......#
#...##
#..........#
##...##
#....=.....#
##...##
#..........#
##...#
#..........# ##...
#..........# ##..
#..........# #..
##.


There were no monsters in sight!

Vanquished Creatures
  An adder (D:2)
  A dart slug (D:2)
  An endoplasm (D:1)
  3 giant cockroaches (D:1)
  2 hobgoblins (D:1)
  4 jackals (D:2)
  2 quokkas (D:1)
  A ball python (D:1)
  A bat (D:1)
  2 frilled lizards (D:1)
  2 goblins (D:2)
  6 kobolds
  7 rats
33 creatures vanquished.

Notes
Turn   | Place    | Note
-------+----------+-------------------------------------------
     0 | D:1      | Legs the Minotaur Berserker began the quest for the Orb.
     0 | D:1      | Reached XP level 1. HP: 19/19 MP: 0/0
     6 | D:1      | Noticed a komodo dragon
     6 | D:1      | Noticed a black bear
     7 | D:1      | Noticed a wolf
     7 | D:1      | Noticed a four-headed hydra
   350 | D:1      | Reached XP level 2. HP: 12/27 MP: 1/1
  1080 | D:2      | Upgraded the game from 0.31-b1-18-g61460d1e46 to
                  | 0.31-b1-20-g67cafac56d
  1157 | D:2      | Reached XP level 3. HP: 23/33 MP: 2/2
  1363 | D:2      | Found a glowing golden altar of the Shining One.
  1789 | D:2      | Noticed Sigmund
  1798 | D:2      | HP: 1/33 [something/puff of flame (12)]
  1798 | D:2      | Slain by Sigmund

Illustrated notes

Levels and vault maps discovered:
D:1:      onia_arrival_zoo_common, layout_basic, wad_floor_pattern_2
D:2:      layout_basic, basic_altar, serial_curves, eino_curves_01,
          eino_curves_03, uniq_robin, uniq_sigmund

Skill      XL: |  1  2 |
---------------+-------+-----
Fighting       | 4 |  4.1
Maces & Flails | 4 |  4.2
Armour         | 3 |  3.2
Dodging        | |  2.5

Action                     || total
---------------------------++-------
  Melee: Mace              ||    66
         Headbutt          ||     8
 Invoke: Berserk           ||     1
Ability: Begin Untransform ||     1
 Armour: Animal skin       ||    19
         Scale mail        ||    30
         Chain mail        ||    10
  Dodge: Dodged            ||    46
   Form: Beast             ||     1
